 Dungeon Crawl Stone Soup version 0.30-a0-377-g5cb311bc9f (webtiles) character file.

Game seed: 11190876502565689776

125 KennySheep the Magician (level 5, -1/35 HPs)
             Began as a Djinni Conjurer on Nov 29, 2022.
             Slain by Grinder (3 damage)
             ... on level 3 of the Dungeon.
             The game lasted 00:06:20 (1864 turns).

KennySheep the Magician (Djinni Conjurer)           Turns: 1864, Time: 00:06:21

Health: -1/35      AC:  3    Str:  6    XL:     5   Next: 30%
Gold:   923        EV: 12    Int: 21    God:
                   SH:  0    Dex: 12

rFire   + + .      SeeInvis .    c - +3 dagger
rCold   x . .      Faith    .    (no shield)
rNeg    . . .      Spirit   .    a - +0 robe
rPois   ∞          Reflect  .    j - +1 hat
rElec   .          Harm     .    (no cloak)
rCorr   .          Rampage  .    (no gloves)
Will    .....                    (boots unavailable)
Stlth   ++........               (no amulet)
HPRegen 0.25/turn                (no ring)
MPRegen 0.00/turn                (no ring)

@: flying
A: sickness immunity, fire resistance 2, cold vulnerability 1, float, innate
caster, HP casting, extra vitality 1
a: no special abilities


You were on level 3 of the Dungeon.
You visited 1 branch of the dungeon, and saw 3 of its levels.

You collected 983 gold pieces.
You spent 60 gold pieces at shops.

Inventory:

Hand Weapons
 c - a +3 dagger (weapon)
Armour
 a - a +0 robe (worn)
 j - a +1 hat (worn)
Jewellery
 f - a ring of see invisible
 m - a +6 ring of dexterity
Scrolls
 e - 2 scrolls of identify
 g - a scroll of fear
 h - a scroll of torment
 i - 2 scrolls of teleportation
 l - 4 scrolls of immolation
 o - a scroll of silence {unknown}
Potions
 b - a potion of mutation {unknown}
 d - 3 potions of curing {unknown}
 k - a potion of might {unknown}
 n - a potion of berserk rage {unknown}


   Skills:
 - Level 2.8 Dodging
 - Level 2.0 Stealth
 * Level 4.6 Spellcasting


You couldn't memorise any spells.
You knew the following spells:

 Your Spells              Type           Power      Damage    Failure   Level
a - Magic Dart            Conj           96%        1d7       1%          1
b - Searing Ray           Conj           48%        2d6       2%          2
c - Dazzling Flash        Conj/Hex       48%        N/A       4%          3
d - Fulminant Prism       Conj/Hex       12%        3d8       17%         4
e - Iskenderun's Mystic   Conj/Tloc      24%        2d7       17%         4
f - Summon Small Mammal   Summ           96%        N/A       1%          1
g - Ensorcelled Hibernat  Hex/Ice        48%        N/A       2%          2
Your spell library was empty.

Dungeon Overview and Level Annotations

Branches:
Dungeon (3/15)

Altars:

Shops:
D:2 ?

Annotations:
D:3 Grinder


Innate Abilities, Weirdness & Mutations

You are immune to sickness and miasma.
You are immune to poison.
Your flesh is very heat resistant. (rF++)
You are vulnerable to cold. (rC-)
You float through the air rather than walking.
You learn spells naturally, not from books.
Your magical power is your life essence.
You have superior vitality. (+4 MHP)


Message History

The searing ray misses the orc.
The searing ray hits Grinder.
Grinder is lightly wounded.
The searing ray hits the orc.
You kill the orc!
The searing ray hits the orc.
The orc is heavily wounded.
Grinder gestures at you. Pain shoots through your body!
The searing ray hits Grinder.
Grinder is moderately wounded.
The searing ray misses the orc.
You finish channelling your searing ray.
Grinder completely misses you.
Casting: Searing Ray (safe; 2% risk of failure)
Confirm with . or Enter, or press ? or * to list all spells.
Casting: Dazzling Flash (dangerous; 4% risk of failure)
Press: ? - help, Dir - look around, f - activate Grinder hits you.
You writhe in agony.
Casting: Dazzling Flash (dangerous; 4% risk of failure)
Confirm with . or Enter, or press ? or * to list all spells.
Casting: Dazzling Flash (dangerous; 4% risk of failure)
Press: ? - help, Dir - look around, f - activate The orc is dazzled.
Grinder hits you.
You writhe in agony.
Casting: Dazzling Flash (dangerous; 4% risk of failure)
Confirm with . or Enter, or press ? or * to list all spells.
Aiming: Searing Ray (safe; 2% risk of failure)
Press: ? - help, Shift-Dir - straight line, f - Grinder
Aim: Grinder (lightly wounded, 77% to hit)
The searing ray hits Grinder.
Grinder is moderately wounded.
The searing ray hits the orc!
You kill the orc!
The searing ray hits something! (Press . to maintain the ray.)
* * * LOW HITPOINT WARNING * * *
Grinder hits you!
* * * LOW HITPOINT WARNING * * *
You writhe in agony.
You die...

+.........+...........
.........####...#.###
....... #..##.# #
..... #.###.# # ...
#.# #.# # #)# #.# #.#
# #)# #.###.###
#5########........
##@##.......###.###
##...#.#####.# #.#
#...†..# #.# #.#
##>..#.#####.###.#
###.##.#.........#
..........###.#####
####.##.#####.#
#†##.......#
#.##########


You could see Grinder.

Vanquished Creatures
  Natasha (D:3)
  4 gnolls (D:2)
  A worm (D:2)
  2 dart slugs
  5 orcs (D:3)
  9 ball pythons
  2 bats (D:3)
  5 endoplasms
  6 goblins
  4 hobgoblins
  4 kobolds (D:1)
  5 frilled lizards
  5 rats
53 creatures vanquished.

Notes
Turn   | Place    | Note
-------+----------+-------------------------------------------
     0 | D:1      | KennySheep the Djinni Conjurer began the quest for the Orb.
     0 | D:1      | KennySheep set off with the following spells memorised:
                  | Magic Dart, Searing Ray, Dazzling Flash, Fulminant Prism,
                  | Iskenderun's Mystic Blast.
     0 | D:1      | Reached XP level 1. HP: 15/15 MP: 0/0
    84 | D:1      | Reached XP level 2. HP: 17/21 MP: 0/0
   359 | D:1      | Reached XP level 3. HP: 24/25 MP: 0/0
   359 | D:1      | Learned a level 1 spell: Summon Small Mammal
   942 | D:2      | Found Raidopp's Magic Scroll Emporium.
   954 | D:2      | Bought a scroll of teleportation for 30 gold pieces
   954 | D:2      | Bought a scroll of teleportation for 30 gold pieces
   954 | D:2      | Identified a scroll of acquirement
   956 | D:2      | Acquired 833 gold pieces
  1073 | D:2      | Reached XP level 4. HP: 28/31 MP: 0/0
  1080 | D:2      | Reached skill level 4 in Spellcasting
  1777 | D:3      | Noticed Natasha
  1785 | D:3      | Killed Natasha
  1786 | D:3      | Reached XP level 5. HP: 19/35 MP: 0/0
  1786 | D:3      | Learned a level 2 spell: Ensorcelled Hibernation
  1855 | D:3      | Noticed Grinder
  1864 | D:3      | Slain by Grinder

Illustrated notes

Levels and vault maps discovered:
D:1:      lightli_arrival_lavapool, layout_basic
D:2:      layout_rooms, serial_shops, shop_coins
D:3:      layout_loops_corners, uniq_terence, uniq_grinder, uniq_robin,
          uniq_sigmund, uniq_crazy_yiuf_cottage, uniq_natasha

Skill      XL: |  1  2  3  4 |
---------------+-------------+-----
Stealth        | 2 |  2.0
Spellcasting   | 4 |  4.6
Dodging        | |  2.8

Action                   |  1- 3 |  4- 6 || total
-------------------------+-------+-------++-------
Melee: Dagger            |     1 |       ||     1
 Cast: Magic Dart        |    64 |    48 ||   112
       Dazzling Flash    |       |     2 ||     2
       Searing Ray       |       |     2 ||     2
  Use: Scroll            |     3 |     2 ||     5
 Stab: Sleeping          |     1 |       ||     1
Dodge: Dodged            |       |     4 ||     4

Table legend: (Time is in decaauts)
 A = Elapsed time spent in this place.
 B = Non-inter-level travel time spent in this place.
 C = Inter-level travel time spent in this place.
 D = Time resting spent in this place.
 E = Time spent auto-exploring this place.
 F = Levels seen in this place.
 G = Mean time per level.
                   A        B        C        D        E       F      G
               +--------+--------+--------+--------+--------+-----+--------+
         Total |   1863 |   1781 |     82 |    163 |   1368 |   3 |  621.0 |
       Dungeon |   1863 |   1781 |     82 |    163 |   1368 |   3 |  621.0 |
               +--------+--------+--------+--------+--------+-----+--------+

Top non-repeatable levels by time:
     D:1: 853 daAuts
     D:2: 721 daAuts
     D:3: 287 daAuts
